 Dungeon Crawl Stone Soup version 0.28-a0-1389-gc726bef33b (webtiles) character file.

Game seed: 7477311857003524979

111 rogsnak the Gusty (level 4, -2/30 HPs)
             Began as a Demonspawn Air Elementalist on Jan 4, 2022.
             Slain by an orc (5 damage)
             ... on level 3 of the Dungeon.
             The game lasted 00:04:43 (3148 turns).

rogsnak the Gusty (Demonspawn Air Elementalist)     Turns: 3148, Time: 00:04:44

Health: -2/30      AC:  3    Str:  9    XL:     4   Next: 62%
Magic:  1/8        EV: 12    Int: 18    God:
Gold:   141        SH:  0    Dex: 13    Spells: 8/9 levels left

rFire   . . .      SeeInvis .   t - +1 dagger (elec)
rCold   . . .      Faith    .   (no shield)
rNeg    . . .      Spirit   .   a - +0 robe
rPois   .          Reflect  .   (helmet restricted)
rElec   .          Harm     .   (no cloak)
rCorr   .          Rampage  .   n - +0 pair of gloves
Will    .....                   (no boots)
Stlth   ++........              (no amulet)
HPRegen 0.10/turn               (no ring)
MPRegen 0.11/turn               (no ring)

@: no status effects
A: antennae 2, spiny 1
a: no special abilities


You were on level 3 of the Dungeon.
You visited 1 branch of the dungeon, and saw 3 of its levels.

You collected 141 gold pieces.

Inventory:

Hand Weapons
 b - a +0 club
 o - a +0 mace
 t - a +1 dagger of electrocution (weapon)
Missiles
 p - 11 poisoned darts
Armour
 a - a +0 robe (worn)
 n - a +0 pair of gloves (worn)
 r - an orb of guile
Scrolls
 d - a scroll of teleportation {unknown}
 e - a scroll of fog {unknown}
 i - 3 scrolls of silence {unknown}
 l - a scroll of amnesia {unknown}
 m - a scroll of identify {unknown}
 q - a scroll of blinking {unknown}
Potions
 c - a potion of heal wounds {unknown}
 f - 2 potions of might {unknown}
 g - a potion of attraction {unknown}
 h - 2 potions of curing {unknown}
 j - 2 potions of degeneration {unknown}
 k - a potion of mutation {unknown}
 s - a potion of invisibility {unknown}


   Skills:
 + Level 0.1 Fighting
 + Level 2.1 Dodging
 - Level 1.7 Stealth
 + Level 3.2 Spellcasting
 * Level 2.4 Conjurations
 + Level 3.3 Air Magic


You had 8 spell levels left.
You knew the following spells:

 Your Spells              Type           Power      Damage    Failure   Level
a - Shock                 Conj/Air       52%        1d6       4%          1

Your spell library contained the following spells:

 Spells                   Type           Power      Damage    Failure   Level
 Magic Dart               Conj           44%        1d5       6%          1
 Static Discharge         Conj/Air       13%        N/A       8%          2
 Swiftness                Air            14%        N/A       12%         3
 Mephitic Cloud           Conj/Pois/Air  9%         N/A       22%         3
 Call Imp                 Summ           2%         N/A       24%         2
 Airstrike                Air            7%         N/A       38%         4


Dungeon Overview and Level Annotations

Branches:
Dungeon (3/15)

Altars:


Innate Abilities, Weirdness & Mutations

You have a pair of antennae on your head.
You are partially covered in sharp spines.


Message History

The orc is heavily wounded.
Unknown command.
Casting: Shock (safe; 4% risk of failure)
Confirm with . or Enter, or press ? or * to list all spells.
Aiming: Shock (safe; 4% risk of failure)
Press: ? - help, Shift-Dir - straight line, f/p - orc
Aim: an orc, wielding a +0 hand axe, wearing a +0 leather armour and quivering boomerangs (heavily wounded, 68% to hit)
The zap hits the orc.
The orc is heavily wounded.
The zap hits the orc.
The orc is severely wounded.
The orc priest is struck by your spines.
The orc priest misses you.
Unknown command.
Casting: Shock (safe; 4% risk of failure)
Confirm with . or Enter, or press ? or * to list all spells.
Aiming: Shock (safe; 4% risk of failure)
Press: ? - help, Shift-Dir - straight line, f - orc
Aim: an orc, wielding a +0 club and wearing a +0 chain mail (heavily wounded, 77% to hit)
The zap hits the orc.
The orc is heavily wounded.
The zap hits the orc priest but does no damage.
The orc priest is heavily wounded.
The orc hits you with a +0 club.
The orc priest invokes the aid of Beogh against you.
Beogh smites you!
* * * LOW HITPOINT WARNING * * *
Your magical contamination has completely faded away.
Unknown command.
Unknown command.
You aren't carrying any items that you can evoke.
Casting: Shock (safe; 4% risk of failure)
Confirm with . or Enter, or press ? or * to list all spells.
Aiming: Shock (safe; 4% risk of failure)
Press: ? - help, Shift-Dir - straight line, f/p - orc
Aim: an orc, wielding a +0 club and wearing a +0 chain mail (heavily wounded, 77% to hit)
The zap misses the orc.
The zap hits the orc priest.
The orc priest is severely wounded.
The orc hits you with a +0 club.
You die...

#.....# #.# #.
#.###.#####.# #) #.#
#.......# #o
#.########### #.
#.....##### #{
##......... #.
#.........
###.#)####.........
#....oo@.'.........
.....#+####.........
### #.........
#.........
#.........
#.........
#......... #########


You could see an orc priest and an orc.

Vanquished Creatures
  4 gnolls (D:3)
  An adder (D:2)
  2 orcs (D:3)
  4 bats
  3 endoplasms
  6 giant cockroaches
  2 hobgoblins (D:2)
  4 jackals (D:1)
  7 kobolds
  2 quokkas (D:2)
  7 ball pythons
  4 frilled lizards
  6 goblins
  5 rats
57 creatures vanquished.

Notes
Turn   | Place    | Note
-------+----------+-------------------------------------------
     0 | D:1      | rogsnak the Demonspawn Air Elementalist began the quest for
                  | the Orb.
     0 | D:1      | Reached XP level 1. HP: 13/13 MP: 3/3
   375 | D:1      | Gained mutation: You have a pair of small antennae on your
                  | head. [demonic ancestry]
   375 | D:1      | Reached XP level 2. HP: 13/19 MP: 1/5
  1526 | D:2      | Gained mutation: You are partially covered in sharp spines.
                  | [demonic ancestry]
  1526 | D:2      | Reached XP level 3. HP: 24/24 MP: 2/6
  2861 | D:3      | Gained mutation: You have a pair of antennae on your head.
                  | [demonic ancestry]
  2861 | D:3      | Reached XP level 4. HP: 30/30 MP: 6/8
  3148 | D:3      | Slain by an orc

Illustrated notes

Levels and vault maps discovered:
D:1:      ncdulo_lavacross, layout_loops_corners, minmay_misc_feat_nine_boxes,
          chequers_decorated_corner, nrook_mini_backslash
D:2:      layout_rooms
D:3:      layout_basic, minmay_crystal_water

Skill      XL: |  1  2  3  4 |
---------------+-------------+-----
Dodging        | 2 |  2.1
Air Magic      | 3 |  3.3
Conjurations   | 2 |  2.4
Spellcasting   | 3 |  3.2
Fighting       | |  0.1
Stealth        | |  1.7

Action                   |  1- 3 |  4- 6 || total
-------------------------+-------+-------++-------
Melee: Club              |    24 |       ||    24
       Mace              |     3 |       ||     3
       Dagger            |     1 |       ||     1
 Cast: Shock             |    82 |    20 ||   102
 Stab: Sleeping          |     1 |       ||     1
Armor: Robe              |     8 |     1 ||     9
Dodge: Dodged            |    14 |     2 ||    16

Table legend: (Time is in decaauts)
 A = Elapsed time spent in this place.
 B = Non-inter-level travel time spent in this place.
 C = Inter-level travel time spent in this place.
 D = Time resting spent in this place.
 E = Time spent auto-exploring this place.
 F = Levels seen in this place.
 G = Mean time per level.
                   A        B        C        D        E       F      G
               +--------+--------+--------+--------+--------+-----+--------+
         Total |   3154 |   3128 |     26 |    494 |   2154 |   3 | 1051.3 |
       Dungeon |   3154 |   3128 |     26 |    494 |   2154 |   3 | 1051.3 |
               +--------+--------+--------+--------+--------+-----+--------+

Top non-repeatable levels by time:
     D:1: 1527 daAuts
     D:3: 817 daAuts
     D:2: 809 daAuts
